 Dungeon Crawl Stone Soup version 0.30-a0-4-ga7cffc901d (webtiles) character file.

Game seed: 14988917393171058078

18 HoaS the Shooter (level 2, 0/17 HPs)
             Began as a Kobold Hunter on Aug 20, 2022.
             Slain by Terence
             ... wielding a +0 flail
              (6 damage)
             ... on level 2 of the Dungeon.
             The game lasted 00:01:09 (589 turns).

HoaS the Shooter (Kobold Hunter)                     Turns: 589, Time: 00:01:10

Health: 0/17       AC:  3    Str:  8    XL:     2   Next: 85%
Magic:  2/2        EV: 11    Int: 10    God:
Gold:   100        SH:  0    Dex: 18    Spells: 1/1 levels left

rFire   . . .      SeeInvis .    a - +0 shortbow
rCold   . . .      Faith    .    (shield currently unavailable)
rNeg    . . .      Spirit   .    c - +0 leather armour
rPois   .          Reflect  .    (no helmet)
rElec   .          Harm     .    (no cloak)
rCorr   .          Rampage  .    (no gloves)
Will    .....                    (no boots)
Stlth   +++.......               e - amulet of the acrobat
HPRegen 0.05/turn                (no ring)
MPRegen 0.08/turn                (no ring)

@: constricted
A: small, no large weapons, nightstalker 3
a: no special abilities


You were on level 2 of the Dungeon.
You visited 1 branch of the dungeon, and saw 2 of its levels.

You collected 100 gold pieces.

Inventory:

Hand Weapons
 a - a +0 shortbow (weapon)
Armour
 c - a +0 leather armour (worn)
Jewellery
 e - an amulet of the acrobat (around neck)
Scrolls
 b - a scroll of immolation
 f - a scroll of identify {unknown}
Potions
 d - a potion of flight {unknown}


   Skills:
 - Level 2.1 Fighting
 + Level 6.3 Ranged Weapons
 - Level 2.4 Dodging
 - Level 1.3 Stealth


You had one spell level left.
You didn't know any spells.
Your spell library contained the following spells:

 Spells                   Type           Power      Damage    Failure   Level
 Beastly Appendage        Tmut           0%         N/A       50%         1
 Wereblood                Tmut           0%         N/A       63%         2
 Call Canine Familiar     Summ           0%         N/A       86%         3
 Portal Projectile        Hex/Tloc       0%         N/A       86%         3
 Spider Form              Tmut/Pois      0%         N/A       86%         3
 Leda's Liquefaction      Hex/Erth       0%         N/A       99%         4


Dungeon Overview and Level Annotations

Branches:
Dungeon (2/15)

Altars:

Annotations:
D:2 Terence


Innate Abilities, Weirdness & Mutations

You are small and have problems with some larger weapons.
You are completely attuned to the shadows.


Message History

No target in view!
No target in view!
There is a stone staircase leading down here.
You now have 100 gold pieces (gained 14).
Found a leather armour.
No target in view!
Terence the Incautious comes into view.
He is wielding a +0 flail.
Found a scroll labelled ASIC QEAMOP and 4 stones.
You shoot an arrow.
The arrow hits Terence but does no damage.
Terence shouts!
You hear an angry hiss.
You shoot an arrow. The arrow hits Terence.
Terence is moderately wounded.
A ball python comes into view.
You shoot an arrow. The arrow hits Terence!
Terence is severely wounded.
Terence drinks a potion.
Terence suddenly seems more resistant.
You shoot an arrow. The arrow completely misses Terence.
Terence hits you with a +0 flail.
You shoot an arrow. The arrow barely misses Terence.
The ball python bites you but does no damage.
The ball python grabs you. The ball python constricts you. Terence misses you.
The ball python bites you but does no damage.
The ball python constricts you.
Fire: a) +0 shortbow
Press: ? - help, Q - select action Shift-Dir - straight line, f/p - Terence
Aim: Terence, wielding a +0 flail and wearing a +0 scale mail (severely wounded, unusually resistant, 69% to hit)
You shoot an arrow. The arrow hits Terence.
Terence is almost dead.
The ball python closely misses you. The ball python constricts you.
Terence hits you with a +0 flail!
Fire: a) +0 shortbow
Press: ? - help, Q - select action Shift-Dir - straight line, f/p - Terence
Aim: Terence, wielding a +0 flail and wearing a +0 scale mail (almost dead, unusually resistant, 69% to hit)
You shoot an arrow.
The arrow hits Terence but does no damage.
Terence is almost dead.
The ball python bites you but does no damage.
The ball python constricts you. Terence hits you with a +0 flail.
You die...

#.##.....)...#
###.#...########
....#.### #....#
..[...# #.....##
. ...#...# ..
..##.#.#?..
....@@...
.....#S... .....
.... .#.. ....
##. .(..


You could see Terence (resistant) and a ball python.

Vanquished Creatures
  A ball python (D:1)
  2 endoplasms (D:1)
  2 goblins
  A hobgoblin (D:1)
  2 jackals (D:1)
  3 bats (D:1)
  A frilled lizard (D:1)
  3 kobolds (D:1)
15 creatures vanquished.

Notes
Turn   | Place    | Note
-------+----------+-------------------------------------------
     0 | D:1      | HoaS the Kobold Hunter began the quest for the Orb.
     0 | D:1      | Reached XP level 1. HP: 12/12 MP: 1/1
   198 | D:1      | Reached XP level 2. HP: 17/17 MP: 2/2
   204 | D:1      | Reached skill level 6 in Ranged Weapons
   582 | D:2      | Noticed Terence
   589 | D:2      | Slain by Terence

Illustrated notes

Levels and vault maps discovered:
D:1:      lightli_arrival_lavapool, layout_basic
D:2:      layout_rooms, basic_ecumenical_altar, chequers_decorated_corner,
          uniq_terence, uniq_sigmund

Skill      XL: |  1  2 |
---------------+-------+-----
Ranged Weapons | 6 |  6.3
Fighting       | |  2.1
Dodging        | |  2.4
Stealth        | |  1.3

Action                   || total
-------------------------++-------
 Fire: Shortbow          ||    35
Armor: Leather armour    ||     8
Dodge: Dodged            ||    10

Table legend: (Time is in decaauts)
 A = Elapsed time spent in this place.
 B = Non-inter-level travel time spent in this place.
 C = Inter-level travel time spent in this place.
 D = Time resting spent in this place.
 E = Time spent auto-exploring this place.
 F = Levels seen in this place.
 G = Mean time per level.
                   A        B        C        D        E       F      G
               +--------+--------+--------+--------+--------+-----+--------+
         Total |    597 |    569 |     28 |      0 |    495 |   2 |  298.5 |
       Dungeon |    597 |    569 |     28 |      0 |    495 |   2 |  298.5 |
               +--------+--------+--------+--------+--------+-----+--------+

Top non-repeatable levels by time:
     D:1: 562 daAuts
     D:2: 35 daAuts
